 Dungeon Crawl Stone Soup version 0.22.0-16-gc6d26f6 (webtiles) character file.

942 KLATTERAL the Vandal (level 8, -2/49 HPs)
             Began as a Halfling Summoner on Aug 17, 2018.
             Was an Initiate of Yredelemnul.
             Slain by an orc warrior
             ... wielding a +0 flail
              (11 damage)
             ... on level 7 of the Dungeon on Aug 18, 2018.
             The game lasted 01:50:06 (8056 turns).

KLATTERAL the Vandal (Halfling Summoner)            Turns: 8056, Time: 01:50:07

Health: -2/49      AC:  6    Str:  9    XL:     8   Next: 34%
Magic:  9/13       EV: 15    Int: 15    God:    Yredelemnul [......]
Gold:   244        SH:  0    Dex: 15    Spells: 7/14 levels left

rFire    . . .     SeeInvis .   e - +1 hunting sling (flame)
rCold    + + .     Gourm    .   (shield restricted)
rNeg     . . .     Faith    .   r - +1 leather armour
rPois    .         Spirit   .   b - +0 helmet
rElec    .         Reflect  .   p - scarf {rC+ rF+}
rCorr    .         Harm     .   B - +0 pair of gloves (curse)
MR       .....                  (no boots)
Stlth    ++........             (no amulet)
HPRegen  0.16/turn              j - ring of ice
MPRegen  0.13/turn              (no ring)

@: no status effects
A: small, mutation resistance 1
a: Renounce Religion


You were on level 7 of the Dungeon.
You worshipped Yredelemnul.
Yredelemnul was noncommittal.
You were hungry.

You visited 2 branches of the dungeon, and saw 8 of its levels.

You collected 409 gold pieces.
You spent 165 gold pieces at shops.

Inventory:

Hand Weapons
 e - a +1 hunting sling of flaming (weapon)
 q - a +2 spear of venom
 w - a +2 hand axe of freezing
 D - a +1 falchion of slicing
 E - a cursed -1 dagger
Missiles
 i - 125 stones
 A - 42 sling bullets (quivered)
Armour
 b - a +0 helmet (worn)
 p - a scarf of resistance (worn)
 r - a +1 leather armour (worn)
 B - a cursed +0 pair of gloves (worn)
Magical Staves
 F - an uncursed staff of energy
Jewellery
 j - a ring of ice (left hand)
Wands
 u - a wand of acid (5)
 z - a wand of flame (17)
Scrolls
 f - 4 scrolls of enchant armour
 k - 2 scrolls of fog
 t - a scroll of magic mapping
 y - a scroll of noise
 C - a scroll of random uselessness {unknown}
Potions
 a - a potion of resistance {unknown}
 d - a potion of invisibility {unknown}
 g - 2 potions of agility {unknown}
 h - 2 potions of ambrosia
 l - a potion of berserk rage {unknown}
 m - 4 potions of might
 n - a potion of cancellation {unknown}
 o - a potion of curing {unknown}
 x - 3 potions of heal wounds {unknown}
Comestibles
 c - 5 rations


   Skills:
 + Level 1.7 Fighting
 + Level 0.3 Short Blades
   Level 0.3 Maces & Flails
 + Level 0.5 Polearms
 + Level 6.8 Slings
 + Level 2.0 Armour
 + Level 2.7 Dodging
 + Level 2.7 Stealth
 + Level 3.8 Spellcasting
 + Level 0.7 Hexes
 + Level 4.7 Summonings


You had 7 spell levels left.
You knew the following spells:

 Your Spells              Type           Power        Failure   Level  Hunger
b - Call Canine Familiar  Summ           ###.....     11%         3    ###....
c - Summon Guardian Gole  Hex/Summ       ##......     24%         3    ###....
d - Corona                Hex            #......      19%         1    None

Your spell library contained the following spells:

 Spells                   Type           Power        Failure   Level  Hunger
 Confuse                  Hex            #.......     50%         3    ###....
 Summon Small Mammal      Summ           ###.         3%          1    None
 Summon Ice Beast         Ice/Summ       ###.....     67%         4    ####...
 Call Imp                 Summ           ###.....     5%          2    ##.....
 Tukima's Dance           Hex            #.......     50%         3    ###....
 Ensorcelled Hibernation  Hex/Ice        #.....       32%         2    ##.....
 Dazzling Spray           Conj/Hex       #.....       54%         3    ###....
 Summon Lightning Spire   Summ/Air       ##......     67%         4    ####...


Dungeon Overview and Level Annotations

Branches:
Dungeon (7/15)             Temple (1/1) D:6

Altars:
Ashenzari
Cheibriados
Dithmenos
Elyvilon
Fedhas
Gozag
Hepliaklqana
Kikubaaqudgha
Makhleb
Nemelex Xobeh
Okawaru
Qazlal
Ru
Sif Muna
Trog
Uskayaw
Vehumet
Wu Jian
Xom
Yredelemnul
Zin
The Shining One

Shops:
D:5 ((

Annotations:
D:4 3 runed doors, CrazyArbalest's ghost, amateur KoHu; brik's ghost, amateur GrFi


Innate Abilities, Weirdness & Mutations

You are small and have problems with some larger weapons.
You are somewhat resistant to further mutation.


Message History

You shoot a sling bullet. The sling bullet hits the orc warrior.
The sling bullet burns the orc warrior.
The orc warrior is heavily wounded.
The orc priest invokes the aid of Beogh against you.
Beogh smites you! The orc warrior hits you with a flail.
Casting: Summon Guardian Golem (safe; 24% risk of failure)
Confirm with . or Enter, or press ? or * to list all spells.
A guardian golem appears, shielding your allies.
Your guardian golem disappears in a puff of smoke!
The orc priest mumbles some strange prayers to Beogh against you.
Beogh smites you!
* * * LOW HITPOINT WARNING * * *
The orc warrior misses you.
You swap places.
The orc warrior barely misses you.
As you read the scroll labeled WOPTYISHRITS, it crumbles to dust.
It is a scroll of amnesia.
Your memory of Summon Small Mammal unravels.
The orc warrior hits you with a flail!
You die...
Your body rises from the dead as a mindless zombie.

#.# #.# ##...>....#
..# #.# ######..## #.#
#.# #..# #.# #.#
####.<# #.# #.#
#.....# ###.####.#
#.###.# ..).{h...# #.#
#.#
..........######.###.#
.#####.##.......@....#
.# #.# #######o#####
.# #.#########8# .#
#.#.....o.o.#
.#####.#.####o####
.......# ... ..≈.##.#
#..## ##### .# #.#
.#...


You could see an orc warrior, an orc wizard and a friendly guardian golem.

Vanquished Creatures
  A phantom (D:7)
  A wyvern zombie (D:7)
  A scorpion (D:4)
  A crimson imp (D:6)
  A centaur zombie (D:7)
  An orc priest (D:6)
  A jelly (D:7)
  3 orc wizards
  4 worker ants
  A killer bee zombie (D:7)
  A hound skeleton (D:5)
  4 adders
  An ooze (D:1)
  3 worms
  3 dart slugs
  3 leopard geckos
  7 orcs
  A ball python (D:3)
  8 bats
  3 giant cockroaches
  4 goblins
  4 hobgoblins
  2 jackals (D:3)
  15 kobolds
  4 quokkas
  2 frilled lizards
  2 jackal zombies
  A quokka skeleton (D:5)
  5 rats
  A butterfly (D:6)
89 creatures vanquished.

Vanquished Creatures (collateral kills)
  2 ogres (D:5)
  A big kobold (D:5)
  A scorpion (D:6)
  A howler monkey (D:5)
  A crimson imp (D:4)
  A jelly (D:6)
  A hound (D:4)
  2 orc wizards (D:6)
  A worker ant zombie (D:5)
  2 adders
  A shadow imp (D:6)
  3 worms
  4 orcs
  A bat (D:3)
  3 giant cockroaches
  A goblin (D:3)
  2 hobgoblins (D:1)
  2 jackals (D:3)
  15 kobolds
  A frilled lizard (D:2)
  A giant cockroach zombie (D:5)
  A leopard gecko skeleton (D:4)
  2 quokka skeletons
50 creatures vanquished.

Vanquished Creatures (others)
  2 plants (D:5)
  4 withered plants (D:4)
6 creatures vanquished.

Grand Total: 145 creatures vanquished

Notes
Turn   | Place    | Note
-------+----------+-------------------------------------------
     0 | D:1      | KLATTERAL the Halfling Summoner began the quest for the Orb.
     0 | D:1      | Reached XP level 1. HP: 11/11 MP: 3/3
   367 | D:1      | Reached XP level 2. HP: 14/17 MP: 1/4
   805 | D:2      | Reached XP level 3. HP: 14/21 MP: 1/5
  1174 | D:2      | Learned a level 3 spell: Call Canine Familiar
  2043 | D:3      | Reached XP level 4. HP: 19/27 MP: 3/7
  2215 | D:3      | Reached skill level 1 in Armour
  2350 | D:3      | Reached skill level 1 in Slings
  2752 | D:4      | Found a runed gate.
  2752 | D:4      | Found a runed gate.
  2755 | D:4      | Found a runed gate.
  2756 | D:4      | Noticed CrazyArbalest's ghost (amateur KoHu)
  2759 | D:4      | Noticed brik's ghost (amateur GrFi)
  2777 | D:4      | Reached skill level 2 in Slings
  2874 | D:4      | Reached skill level 3 in Slings
  2874 | D:4      | Reached XP level 5. HP: 27/32 MP: 4/8
  2959 | D:4      | Reached skill level 1 in Fighting
  3080 | D:4      | Reached XP level 6. HP: 38/38 MP: 9/9
  3374 | D:4      | Reached skill level 4 in Slings
  3722 | D:5      | Entered Level 5 of the Dungeon
  4830 | D:5      | Noticed an ogre
  4862 | D:5      | Killed an ogre
  4991 | D:5      | Found Pinof's Weapon Shop.
  5010 | D:5      | Reached XP level 7. HP: 43/43 MP: 6/11
  5027 | D:5      | Bought 22 sling bullets for 165 gold pieces
  5214 | D:5      | Found Ijogueg's Weapon Shoppe.
  5971 | D:6      | Reached skill level 5 in Slings
  5991 | D:6      | Found a bloodstained altar of Trog.
  6409 | D:6      | Learned a level 3 spell: Summon Guardian Golem
  6624 | D:6      | Found a blossoming altar of Fedhas.
  6880 | D:6      | Found a staircase to the Ecumenical Temple.
  6896 | Temple   | Entered the Ecumenical Temple
  7032 | Temple   | Became a worshipper of Yredelemnul the Dark
  7388 | D:7      | Reached skill level 6 in Slings
  7388 | D:7      | Reached XP level 8. HP: 43/48 MP: 2/13
  7492 | D:7      | Learned a level 1 spell: Corona
  7619 | D:7      | Found a shattered altar of Ashenzari.
  8056 | D:7      | Slain by an orc warrior

Skill      XL: |  1  2  3  4  5  6  7  8 |
---------------+-------------------------+-----
Spellcasting   | 2 3 |  3.8
Armour         | 1 2 |  2.0
Slings         | 3 4 6 |  6.8
Fighting       | 1 |  1.7
Summonings     | 4 |  4.7
Short Blades   | |  0.3
Maces & Flails | |  0.3
Polearms       | |  0.5
Dodging        | |  2.7
Stealth        | |  2.7
Hexes          | |  0.7

Action                   |  1- 3 |  4- 6 |  7- 9 || total
-------------------------+-------+-------+-------++-------
Melee: Unarmed           |    14 |       |       ||    14
       Club              |    12 |       |       ||    12
       Dagger            |    46 |       |       ||    46
       Whip              |    16 |       |       ||    16
       Spear             |     6 |    21 |     3 ||    30
       Hunting sling     |     1 |     4 |     2 ||     7
 Fire: Hunting sling     |     6 |   112 |   137 ||   255
 Cast: Summon Small Mamm |    23 |    31 |       ||    54
       Call Canine Famil |     4 |    21 |    18 ||    43
       Summon Guardian G |       |       |    11 ||    11
       Corona            |       |       |     1 ||     1
  Use: Scroll            |     3 |     8 |     5 ||    16
       Potion            |       |     1 |     1 ||     2
 Stab: Sleeping          |     1 |       |       ||     1
       Distracted        |       |     1 |       ||     1
  Eat: Ration            |     2 |     3 |     2 ||     7
       Chunk             |       |     1 |     4 ||     5
Armor: Robe              |     6 |       |       ||     6
       Ring mail         |    28 |       |       ||    28
       Leather armour    |       |    14 |    17 ||    31
Dodge: Dodged            |    92 |    88 |    45 ||   225
